Map: Stargazers

Players

NightMare

  • Race: Protoss Protoss
  • League: Master
  • Spawn Location: 1:00

DPGCure (Cure) - Winner!

  • Race: Terran Terran
  • League: Master
  • Spawn Location: 11:00

VOD

Have the link to the VOD?

Description

Time

  • Played on: Oct. 23, 2022, 6:42 p.m.
  • Length: 7:50
Show
View Real Time Build Order
Export as new Build Order

NightMare Protoss 

Build Orders: Phoenix Opening, Mass Phoenix 

Get SALT Encoding   

  12  0:00  Probe  
  13  0:12  Probe  
  14  0:18  Pylon  
  14  0:24  Probe  
  15  0:37  Probe (Chrono Boost), Gateway  
  16  0:46  Probe (Chrono Boost)  
  16  0:48  Assimilator  
  17  0:51  Probe (Chrono Boost)  
  17  0:55  Assimilator  
  18  1:03  Probe  
  19  1:08  Pylon  
  19  1:15  Probe  
  20  1:24  Cybernetics Core  
  20  1:27  Probe  
  21  1:39  Probe  
  22  1:51  Probe  
  23  2:02  Stargate  
  23  2:03  Adept (Chrono Boost)  
  25  2:13  Nexus  
  25  2:16  Warp Gate  
  25  2:23  Pylon  
  25  2:29  Probe  
  26  2:32  Adept  
  28  2:41  Probe  
  29  2:45  Phoenix (Chrono Boost)  
  31  2:53  Probe  
  32  3:02  Adept  
  32  3:05  Probe  
  35  3:08  Phoenix (Chrono Boost)  
  37  3:17  Probe  
  38  3:26  Probe  
  39  3:29  Probe  
  39  3:30  Phoenix (Chrono Boost)  
  37  3:41  Probe x2  
  37  3:47  Phoenix (Chrono Boost)  
  38  3:53  Probe x2  
  40  4:05  Probe x2  
  42  4:10  Phoenix (Chrono Boost)  
  42  4:16  Adept  
  46  4:17  Probe  
  46  4:18  Probe  
  48  4:24  Pylon  
  48  4:29  Probe  
  48  4:30  Probe  
  50  4:38  Robotics Facility  
  48  4:42  Probe x2  
  50  4:47  Phoenix  
  50  4:54  Probe x2  
  52  5:06  Probe x2  
  54  5:09  Assimilator  
  54  5:11  Assimilator  
  54  5:12  Phoenix  
  56  5:14  Gateway  
  56  5:16  Shield Battery  
  56  5:21  Probe x2, Gateway  
  58  5:25  Pylon  
  58  5:27  Observer  
  59  5:33  Probe x2  
  59  5:35  Robotics Bay  
  61  5:45  Shield Battery, Probe x2  
  61  5:46  Pylon  
  61  5:49  Phoenix  
  65  5:50  Observer  
  66  6:09  Zealot  
  66  6:10  Zealot  
  70  6:11  Pylon  
  70  6:12  Pylon  
  70  6:14  Observer  
  70  6:19  Colossus (Chrono Boost)  
  70  6:24  Zealot  
  78  6:34  Pylon  
  77  6:47  Zealot x3  
  77  6:51  Phoenix  
  84  6:54  Nexus  
  84  7:02  Colossus (Chrono Boost)  
  85  7:16  Stalker x3  
  85  7:21  Shield Battery  
  91  7:23  Pylon  
Show
View Real Time Build Order
Export as new Build Order

DPGCure Terran - Winner!

Build Orders:  

Get SALT Encoding   

  12  0:00  SCV  
  13  0:12  SCV  
  14  0:17  Supply Depot  
  14  0:24  SCV  
  15  0:39  SCV  
  15  0:40  Barracks  
  16  0:43  Refinery  
  16  0:51  SCV  
  16  0:52  Refinery  
  17  1:03  SCV  
  18  1:15  SCV  
  19  1:26  Reaper  
  19  1:27  Orbital Command  
  19  1:29  Supply Depot  
  20  1:40  Factory  
  20  1:53  SCV  
  21  1:58  Barracks Reactor  
  21  2:05  SCV  
  22  2:17  Command Center, SCV  
  23  2:25  Hellion  
  23  2:29  SCV  
  26  2:34  Reaper x2  
  26  2:36  Supply Depot  
  28  2:41  SCV  
  29  2:46  Hellion  
  31  2:57  SCV, Starport  
  32  3:07  Marine x2  
  32  3:08  Widow Mine  
  32  3:10  SCV  
  37  3:22  SCV  
  37  3:25  Marine  
  39  3:28  Marine  
  40  3:35  Orbital Command  
  40  3:36  Widow Mine  
  42  3:41  Viking  
  42  3:42  Marine  
  42  3:44  SCV  
  42  3:46  Marine  
  40  3:56  SCV  
  40  3:59  Factory Tech Lab  
  40  4:00  SCV  
  40  4:02  Marine  
  43  4:04  Marine  
  43  4:08  SCV, Barracks  
  45  4:12  Barracks, Starport Tech Lab  
  45  4:16  SCV  
  46  4:19  Cyclone  
  46  4:20  SCV  
  46  4:23  Supply Depot  
  50  4:27  Marine x2  
  50  4:30  Raven  
  53  4:35  SCV  
  54  4:39  Supply Depot  
  54  4:45  SCV  
  55  4:46  Marine x2  
  54  4:54  SCV  
  54  4:57  SCV  
  54  5:03  Factory Reactor  
  52  5:09  SCV x2  
  52  5:10  Engineering Bay  
  52  5:12  Supply Depot  
  52  5:13  Stimpack, Marine  
  55  5:16  Marine x2  
  55  5:21  SCV, Marine  
  58  5:22  SCV, Starport Reactor  
  58  5:26  Supply Depot  
  60  5:29  Refinery  
  60  5:32  Combat Shield  
  60  5:34  SCV x2, Marine x3  
  65  5:37  Terran Infantry Weapons Level 1  
  65  5:42  Missile Turret  
  65  5:44  Missile Turret  
  65  5:47  SCV x2  
  67  5:53  Marauder x2  
  67  5:54  Marine  
  67  5:55  Marine  
  73  5:59  SCV x2  
  73  6:03  Medivac  
  73  6:04  Medivac  
  79  6:07  Missile Turret  
  79  6:11  Supply Depot  
  79  6:15  Marauder x2  
  79  6:16  Marine  
  79  6:17  Marine  
  85  6:23  Refinery  
  85  6:24  Supply Depot  
  85  6:31  SCV  
  85  6:32  SCV  
  91  6:33  Supply Depot  
  91  6:38  Supply Depot  
  91  6:44  Marauder, Marine  
  91  6:45  Marine  
  91  6:46  Marauder  
  93  6:47  Medivac x2  
  93  6:52  Supply Depot  
  97  6:55  Supply Depot, Widow Mine x2  
  97  6:56  Concussive Shells  
  101  7:04  Marine x2  
  101  7:06  Marauder  
  101  7:07  Marauder  
  107  7:21  SCV x2  
Tags
 
Add a new tag
Caveats
  • Supply blocks, unpowered buildings, or Contaminate may cause inaccurate times.
  • Supply counts are checked every 10 seconds.